 Dungeon Crawl Stone Soup version 0.32-a0-871-ge202e49 (webtiles) character file.

Game seed: 14019321758307198363

315 jorbis the Magician (level 6, -1/39 HPs)
             Began as an Octopode Hedge Wizard on Mar 29, 2024.
             Slain by a kobold brigand
             ... wielding a +0 whip
              (2 damage)
             ... in a sewer.
             The game lasted 00:09:50 (2733 turns).

jorbis the Magician (Octopode Hedge Wizard)         Turns: 2733, Time: 00:09:51

Health: -1/39      AC:  2    Str: 10    XL:     6   Next: 43%
Magic:  4/12       EV: 12    Int: 16    God:
Gold:   152        SH:  0    Dex: 13    Spells: 11/13 levels left

rFire   . . .        l - +3 short sword (venom)
rCold   . . .        (no shield)
rNeg    . . .        b - +1 hat
rPois   .            (no amulet)
rElec   .            (no ring)
rCorr   .            (no ring)
SInv    .            (no ring)
Will    .....        (no ring)
Stlth   ++++         (no ring)
HPRegen 0.26/turn    (no ring)
MPRegen 0.13/turn    (no ring)
                     (no ring)

%: no passive effects
@: lethally poisoned (-1 -> -22)
A: almost no armour, amphibious, 8 rings, camouflage 1, gelatinous body 1,
(nimble swimmer 1), tentacles
a: no special abilities


You were in a sewer.
You visited 1 branch of the dungeon, and saw 3 of its levels.
You also visited: Sewer.

You collected 152 gold pieces.

Inventory:

Hand Weapons
 a - a +1 dagger
 k - a +2 dagger of freezing
 l - a +3 short sword of venom (weapon)
Missiles
 d - 25 stones
 o - 3 poisoned darts
 s - a curare-tipped dart
Armour
 b - a +1 hat (worn)
Jewellery
 i - a ring of see invisible
Scrolls
 h - 3 scrolls of teleportation
 j - a scroll of fear {unknown}
 m - a scroll of noise
 q - 2 scrolls of vulnerability {unknown}
Potions
 c - 3 potions of magic
 e - 3 potions of heal wounds
 f - 3 potions of berserk rage
 g - a potion of curing
 n - a potion of enlightenment
 p - a potion of haste {unknown}
 r - a potion of mutation {unknown}


   Skills:
 + Level 2.2 Fighting
 + Level 2.2 Short Blades
 - Level 2.0 Dodging
 + Level 4.4 Stealth
 * Level 4.4 Spellcasting
 - Level 1.0 Conjurations
 + Level 2.1 Hexes
 - Level 1.0 Summonings
 - Level 1.0 Translocations
 - Level 0.4 Alchemy


You had 11 spell levels left.
You knew the following spells:

 Your Spells              Type           Power      Damage    Failure   Level
a - Magic Dart            Conj           24%        1d4       11%         1
b - Slow                  Hex            40%        N/A       7%          1

Your spell library contained the following spells:

 Spells                   Type           Power      Damage    Failure   Level
 Blink                    Tloc           12%        N/A       16%         2
 Call Imp                 Summ           12%        N/A       16%         2
 Cigotuvi's Dreadful Rot  Necr/Alch/Air  8%         N/A       22%         2
 Mephitic Cloud           Conj/Alch/Air  5%         N/A       36%         3
 Fugue of the Fallen      Necr           3%         N/A       43%         3
 Ozocubu's Armour         Ice            3%         N/A       43%         3
 Manifold Assault         Tloc           3%         N/A       100%        7


Dungeon Overview and Level Annotations

Branches:
Dungeon (3/15)              Sewer (1/1)

Altars:


Innate Abilities, Weirdness & Mutations

You cannot wear most types of armour.
You are amphibious.
You can wear up to eight rings at the same time.
Your skin changes colour to match your surroundings (Stealth+).
Your rubbery body absorbs attacks. (AC +1, EV +1)
((You are camouflaged when in or above water. (Stealth+)))
You have tentacles for arms and can constrict up to eight enemies at once.


Message History

Aiming: Slow (safe; 7% risk of failure)
Press: ? - help, Shift-Dir - straight line, f/p - kobold brigand
Aim: a kobold brigand, wielding a +1 dagger of venom and quivering poisoned darts (moderately wounded, chance to affect: 44%)
The kobold brigand seems to slow down.
You feel sick.
A kobold comes into view.
It is wielding a +0 dagger and quivering poisoned darts.
The kobold shouts!
You hit the kobold brigand. Your grab misses the kobold brigand.
Your squeeze misses the kobold brigand.
The kobold brigand is moderately wounded.
You feel sick.
The kobold brigand hits you with a +1 dagger of venom.
You are more poisoned.
Casting: Slow (safe; 7% risk of failure)
Confirm with . or Enter, or press ? or * to list all spells.
Aiming: Slow (safe; 7% risk of failure)
Press: ? - help, Shift-Dir - straight line, f - kobold brigand, p - kobold brigand
Aim: a kobold brigand, wielding a +0 whip and quivering curare-tipped darts (chance to affect: 44%)
The kobold brigand resists with some effort.
You feel very sick.
You hit the kobold brigand.
The kobold brigand is poisoned.
Your grab misses the kobold brigand. Your squeeze misses the kobold brigand.
The kobold brigand is heavily wounded.
You feel very sick.
The kobold brigand splashes around in the water.
You hit the kobold brigand. Your grab misses the kobold brigand.
The kobold brigand is heavily wounded.
You feel very sick.
The kobold brigand splashes around in the water.
The kobold throws a poisoned dart.
The poisoned dart hits you!
You are lethally poisoned!
The kobold brigand hits you with a +1 dagger of venom!
* * * LOW HITPOINT WARNING * * *
You are more poisoned.
You completely miss the kobold brigand. You grab the kobold brigand.
You squeeze the kobold brigand, but do no damage.
You constrict the kobold brigand.
* * * LOW HITPOINT WARNING * * *
You feel very sick.
The kobold brigand hits you with a +0 whip.
You die...

#..~.~##### #~#
##...## # #.# ##~##
#K# #~# #.# #~#
##.## ##§## ##...##
##§§§## #
#...K.####..§§§#####
#.K@.~~~~~~§§§§§≈≈≈≈
#~..†~####...~.#####
##..~## ##.~.######
##~## ##≈####~## #~#
#≈###...# #~#
#≈##.)∩.. #~#
#≈###...# ##~##
##≈####.## ##~~.##
##.~.###~##


You could see 2 kobold brigands and a kobold.

Vanquished Creatures
  A crocodile (Sewer)
  A kobold brigand (Sewer)
  Jessica (D:2)
  Terence (D:2)
  3 adders
  A river rat (Sewer)
  A dart slug (D:1)
  2 ribbon worms
  4 bats (D:1)
  7 endoplasms
  8 giant cockroaches
  2 hobgoblins
  12 kobolds
  3 quokkas (D:3)
  6 ball pythons
  2 frilled lizards
  2 goblins
  13 rats
70 creatures vanquished.

Notes
Turn   | Place    | Note
-------+----------+-------------------------------------------
     0 | D:1      | jorbis the Octopode Hedge Wizard began the quest for the
                  | Orb.
     0 | D:1      | Reached XP level 1. HP: 11/11 MP: 4/4
   267 | D:1      | Reached XP level 2. HP: 18/18 MP: 1/6
   822 | D:1      | Found a faded altar of an unknown god.
   831 | D:1      | Reached XP level 3. HP: 21/22 MP: 4/7
  1081 | D:1      | Reached skill level 1 in Fighting
  1724 | D:2      | Learned a level 1 spell: Slow
  1791 | D:2      | Noticed Terence
  1803 | D:2      | Killed Terence
  1804 | D:2      | Reached skill level 1 in Short Blades
  1804 | D:2      | Reached skill level 1 in Hexes
  1804 | D:2      | Reached XP level 4. HP: 12/28 MP: 5/9
  2015 | D:2      | Noticed Jessica
  2020 | D:2      | Killed Jessica
  2314 | D:3      | Found a glowing drain.
  2327 | D:3      | Reached XP level 5. HP: 33/33 MP: 10/10
  2333 | Sewer    | Entered a sewer
  2476 | Sewer    | Noticed a crocodile
  2493 | Sewer    | Killed a crocodile
  2627 | Sewer    | Reached XP level 6. HP: 39/39 MP: 12/12
  2733 | Sewer    | HP: 1/39 [poisoned by a kobold brigand]
  2733 | Sewer    | Slain by a kobold brigand

Illustrated notes

Levels and vault maps discovered:
D:1:      matt_arrival_refuge, layout_basic, serial_forest,
          infiniplex_forest_clump_long, infiniplex_forest_straight_3,
          infiniplex_forest_lined_3_way, infiniplex_forest_clump_double,
          infiniplex_forest_clump_cross, infiniplex_forest_lined_ring,
          infiniplex_forest_lined_corner, chequers_ecumenical_altar_simple,
          nrook_loot_triangle
D:2:      layout_rooms, uniq_terence, uniq_jessica
D:3:      layout_loops_ring, gup_sewer_entry_pipe, uniq_grinder
Sewer:    sewer_co_15_rooms

Skill      XL: |  1  2  3  4  5  6 |
---------------+-------------------+-----
Stealth        | 3 4 |  4.4
Fighting       | 1 2 |  2.2
Short Blades   | 1 2 |  2.2
Hexes          | 1 2 |  2.1
Spellcasting   | 4 |  4.4
Dodging        | |  2.0
Conjurations   | |  1.0
Summonings     | |  1.0
Translocations | |  1.0
Alchemy        | |  0.4

Action                     |  1- 3 |  4- 6 || total
---------------------------+-------+-------++-------
  Melee: Dagger            |   203 |     1 ||   204
         Constrict         |     9 |    11 ||    20
         Tentacles         |    64 |     8 ||    72
         Short sword       |       |    55 ||    55
   Cast: Magic Dart        |    47 |    28 ||    75
         Slow              |       |     3 ||     3
    Use: Scroll            |     8 |     4 ||    12
         Potion            |     1 |     1 ||     2
   Stab: Sleeping          |    11 |    13 ||    24
 Armour: Skin              |     9 |    20 ||    29
  Dodge: Dodged            |    11 |    19 ||    30

Table legend: (Time is in decaauts)
 A = Elapsed time spent in this place.
 B = Non-inter-level travel time spent in this place.
 C = Inter-level travel time spent in this place.
 D = Time resting spent in this place.
 E = Time spent auto-exploring this place.
 F = Levels seen in this place.
 G = Mean time per level.
                   A        B        C        D        E       F      G
               +--------+--------+--------+--------+--------+-----+--------+
         Total |   2720 |   2664 |     56 |     20 |   1987 |   4 |  680.0 |
       Dungeon |   2324 |   2268 |     56 |     20 |   1719 |   3 |  774.7 |
         Sewer |    396 |    396 |      0 |      0 |    268 |   1 |  396.0 |
               +--------+--------+--------+--------+--------+-----+--------+

Top non-repeatable levels by time:
     D:1: 1554 daAuts
     D:2: 657 daAuts
   Sewer: 396 daAuts
     D:3: 113 daAuts
